 Dungeon Crawl Stone Soup version 0.29.1-12-g30fa7ad0bf (webtiles) character file.

Game seed: 8741279479969531598

59 croobank the Conjurer (level 3, -3/26 HPs)
             Began as a Demonspawn Conjurer on Dec 28, 2022.
             Was a Follower of Fedhas.
             Slain by Natasha (8 damage)
             ... on level 2 of the Dungeon.
             The game lasted 00:05:00 (1726 turns).

croobank the Conjurer (Demonspawn Conjurer)         Turns: 1726, Time: 00:05:00

Health: -3/26      AC:  4    Str:  7    XL:     3   Next: 78%
Magic:  6/6        EV: 12    Int: 21    God:    Fedhas [*.....]
Gold:   82         SH:  0    Dex: 11    Spells: 3/6 levels left

rFire   . . .      SeeInvis .   f - +0 whip
rCold   . . .      Faith    .   (no shield)
rNeg    . . .      Spirit   .   a - +0 robe
rPois   .          Reflect  .   c - +0 helmet
rElec   .          Harm     .   (no cloak)
rCorr   .          Rampage  .   (no gloves)
Will    .....                   (no boots)
Stlth   ++........              (no amulet)
HPRegen 0.08/turn               (no ring)
MPRegen 0.10/turn               (no ring)

@: no status effects
A: sharp scales 1
a: Renounce Religion


You were on level 2 of the Dungeon.
You worshipped Fedhas.
Fedhas was aware of your devotion.
You visited 1 branch of the dungeon, and saw 2 of its levels.

You collected 82 gold pieces.

Inventory:

Hand Weapons
 f - a +0 whip (weapon)
 h - a +0 hand axe
Missiles
 e - 11 stones (quivered)
Armour
 a - a +0 robe (worn)
 c - a +0 helmet (worn)
Scrolls
 d - 4 scrolls of identify {unknown}
 i - a scroll of immolation {unknown}
 m - a scroll of enchant armour {unknown}
 n - a scroll of magic mapping {unknown}
 o - a scroll of butterflies {unknown}
 p - a scroll of vulnerability {unknown}
 q - 2 scrolls of poison {unknown}
Potions
 g - a potion of curing {unknown}
 j - a potion of berserk rage {unknown}
 k - a potion of attraction {unknown}
 l - a potion of might {unknown}
 r - a potion of invisibility {unknown}


   Skills:
 + Level 1.2 Fighting
 + Level 2.3 Dodging
 + Level 2.2 Stealth
 + Level 2.3 Spellcasting
 + Level 4.3 Conjurations
 + Level 1.2 Invocations


You had 3 spell levels left.
You knew the following spells:

 Your Spells              Type           Power      Damage    Failure   Level
a - Magic Dart            Conj           80%        1d7       2%          1
b - Searing Ray           Conj           40%        2d5       3%          2

Your spell library contained the following spells:

 Spells                   Type           Power      Damage    Failure   Level
 Dazzling Flash           Conj/Hex       22%        N/A       19%         3
 Call Canine Familiar     Summ           2%         N/A       38%         3
 Portal Projectile        Hex/Tloc       4%         N/A       38%         3
 Fulminant Prism          Conj/Hex       5%         3d7       52%         4
 Iskenderun's Mystic Bla  Conj/Tloc      11%        2d4       52%         4
 Leda's Liquefaction      Hex/Erth       1%         N/A       80%         4


Dungeon Overview and Level Annotations

Branches:
Dungeon (2/15)

Altars:
Fedhas

Annotations:
D:2 Natasha


Innate Abilities, Weirdness & Mutations

You are partially covered in razor-sharp scales. (AC +1, Slay +1)


Message History

Natasha hisses angrily.
You see here an adder corpse.
Casting: Searing Ray (safe; 3% risk of failure)
Confirm with . or Enter, or press ? or * to list all spells.
You don't have enough magic to cast this spell.
Casting: Searing Ray (safe; 3% risk of failure)
Confirm with . or Enter, or press ? or * to list all spells.
Aiming: Magic Dart (safe; 2% risk of failure)
Press: ? - help, Shift-Dir - straight line, f - Natasha
Aim: Natasha (100% to hit)
The magic dart hits Natasha.
Natasha is lightly wounded.
Natasha mumbles some strange words.
You feel troubled. Natasha claws you.
You closely miss Natasha.
Natasha is lightly wounded.
Natasha casts a spell.
Okay, then.
You closely miss Natasha.
Natasha is lightly wounded.
Natasha completely misses you.
You hit Natasha but do no damage.
Natasha is lightly wounded.
Natasha barely misses you. The shadow imp barely misses you.
You hit Natasha but do no damage.
Natasha is lightly wounded.
Natasha barely misses you.
The shadow imp hits you but does no damage.
You closely miss Natasha.
Natasha is lightly wounded.
Natasha claws you! The shadow imp misses you.
You closely miss Natasha.
Natasha is lightly wounded.
Natasha claws you. The shadow imp barely misses you. Natasha claws you.
* * * LOW HITPOINT WARNING * * *
Magic courses through your body. The shadow imp barely misses you.
Natasha claws you!
You die...
Fedhas appreciates your contribution to the ecosystem.

....#†#
##.###........##
#.# #. ......#
#.# #..#####.#
#.# #. #######
#.###.. #.# #.#
.. # #.. ... ..#
#.# .## # ###
#..#####.# #.# #
..... ... ..# #
##!.. # #.5h# #
#.#@## # #.#..#
# #...†##
########
##.♣.P.#
.......#
##.P.♣P....#
######.#
##...♣P...P##
#.#
#).P.♣♣P♣P..#
#.# #.P♣♣♣ .PP#
#.# #.P.P♣♣
P....


You could see Natasha and a shadow imp (summoned).

Vanquished Creatures
  Natasha (D:2)
  An adder (D:2)
  2 endoplasms (D:1)
  2 giant cockroaches
  2 goblins (D:1)
  4 hobgoblins
  2 quokkas
  5 ball pythons
  2 bats (D:1)
  3 frilled lizards
  2 kobolds (D:1)
  A rat (D:2)
27 creatures vanquished.

Vanquished Creatures (others)
  A plant (D:2)
1 creature vanquished.

Grand Total: 28 creatures vanquished

Notes
Turn   | Place    | Note
-------+----------+-------------------------------------------
     0 | D:1      | croobank the Demonspawn Conjurer began the quest for the
                  | Orb.
     0 | D:1      | Reached XP level 1. HP: 13/13 MP: 3/3
   663 | D:1      | Found a faded altar of an unknown god.
   666 | D:1      | Prayed at the altar of an unknown god.
   666 | D:1      | Became a worshipper of Fedhas Madash
   666 | D:1      | Reached * piety under Fedhas
   680 | D:1      | Gained mutation: You are partially covered in razor-sharp
                  | scales. (AC +1, Slay +1) [demonic ancestry]
   680 | D:1      | Reached XP level 2. HP: 20/20 MP: 1/5
   683 | D:1      | Learned a level 2 spell: Searing Ray
  1495 | D:2      | Noticed Natasha
  1501 | D:2      | Killed Natasha
  1502 | D:2      | Reached skill level 1 in Fighting
  1502 | D:2      | Reached skill level 1 in Invocations
  1502 | D:2      | Reached XP level 3. HP: 24/26 MP: 1/6
  1708 | D:2      | Noticed Natasha
  1726 | D:2      | Slain by Natasha

Illustrated notes

Levels and vault maps discovered:
D:1:      mushboom_english_gardens, layout_basic,
          hellmonk_ecumenical_altar_inner_sanctum
D:2:      layout_loops_ring, serial_forest, infiniplex_forest_corner_1,
          infiniplex_forest_clump_cross, infiniplex_forest_clump_double,
          infiniplex_forest_clump_double, infiniplex_forest_clump_large,
          infiniplex_forest_lined_room_, infiniplex_forest_clump_medium,
          infiniplex_forest_zigzag_1, uniq_natasha

Skill      XL: |  1  2 |
---------------+-------+-----
Stealth        | 2 |  2.2
Dodging        | 2 |  2.3
Fighting       | 1 |  1.2
Invocations    | 1 |  1.2
Spellcasting   | |  2.3
Conjurations   | |  4.3

Action                   || total
-------------------------++-------
Melee: Unarmed           ||     4
       Whip              ||    15
Throw: Stone             ||     1
 Cast: Magic Dart        ||    32
       Searing Ray       ||     8
  Use: Potion            ||     1
Armor: Robe              ||     4
Dodge: Dodged            ||    20
